 Dungeon Sprint DCSS version 0.28.0-53-g5a82cb258f (webtiles) character file.

Game seed: 8103882066565100051

5418 Zeld the Warrior (level 10, -15/166 HPs)
             Began as a Minotaur Berserker on June 4, 2022.
             Was a High Priest of Trog.
             Demolished by a lorocyproca (30 damage)
             ... in the Dungeon (Sprint I: "Red Sonja").
             The game lasted 00:03:09 (2587 turns).

Zeld the Warrior (Minotaur Berserker)               Turns: 2587, Time: 00:03:10

Health: -15/166    AC: 10    Str: 25    XL:     10   Next: 40%
Magic:  0/9        EV: 15    Int:  4    God:    Trog [*****.]
Gold:   489        SH:  0    Dex: 11    Spells: 9/9 levels left

rFire   . . .      SeeInvis .   a - +0 hand axe
rCold   . . .      Faith    .   (no shield)
rNeg    . . .      Spirit   .   h - +3 ring mail {rPois}
rPois   +          Reflect  .   (helmet restricted)
rElec   .          Harm     .   (no cloak)
rCorr   .          Rampage  .   (no gloves)
Will    .....      NoTele   +   (no boots)
Stlth   ..........              (no amulet)
HPRegen 0.37/turn               (no ring)
MPRegen 0.11/turn               (no ring)

@: berserking, very quick
A: horns 2, retaliatory headbutt
a: Renounce Religion, Berserk, Trog's Hand, Brothers in Arms


You were in the Dungeon.
You worshipped Trog.
Trog was extremely pleased with you.
You visited 1 branch You collected 1011 gold pieces.
You spent 522 gold pieces at shops.

Inventory:

Hand Weapons
 a - a +0 hand axe (weapon)
Armour
 h - a +3 ring mail of poison resistance (worn)
Jewellery
 l - a ring of protection from cold
Wands
 i - a wand of polymorph (16)
Scrolls
 j - 2 scrolls of identify {unknown}
 n - a scroll of fear
 o - a scroll of silence
Potions
 c - 3 potions of curing
 d - a potion of heal wounds
 e - a potion of haste
 f - 2 potions of magic
 g - 2 potions of berserk rage
 k - a potion of resistance {unknown}


   Skills:
 * Level 17.4 Fighting
 * Level 17.3 Axes
 + Level 12.4 Armour
 + Level 11.4 Dodging


You had 9 spell levels left.
You didn't know any spells.
Your spell library was empty.

Dungeon Overview and Level Annotations

Branches:
Dungeon (1/1)

Altars:
Cheibriados
Dithmenos
Elyvilon
Fedhas
Gozag
Hepliaklqana
Kikubaaqudgha
Makhleb
Nemelex Xobeh
Okawaru
Qazlal
Ru
Sif Muna
Trog
Uskayaw
Vehumet
Wu Jian
Xom
Yredelemnul
Zin
The Shining One
Jiyva
Lugonu

Shops:
D ?([


Innate Abilities, Weirdness & Mutations

You have a pair of horns on your head.
You reflexively headbutt those who attack you in melee.


Message History

You now have 489 gold pieces (gained 4).
Really walk into a travel-excluded area? [Y]es or [N]o only, please.
Really walk into a travel-excluded area? [Y]es or [N]o only, please.
Really walk into a travel-excluded area?
Okay, then.
Really walk into a travel-excluded area?
There is an open door here.
You open the door.
A meliai comes into view. It is wielding a +0 war axe.
Found 162 gold pieces.
You hear a chilling moan.
There is an open door here.
You open the door.
The meliai invokes the aid of its god against you.
Something smites you! Something hits you!
You feel your power leaking away.
Deactivating autopickup; reactivate with Ctrl-A.
Found 2 fizzy green potions.
There is an open door here.
You see here 2 fizzy green potions.
Something is blocking the doorway!
Something hits you!!
A red film seems to cover your vision as you go berserk!
You feel yourself moving faster!
You feel mighty! Something hits you!!
You miss something. You hit something. Something hits you.
* * * LOW HITPOINT WARNING * * *
You slash something! Your headbutt misses something.
You hit something but do no damage. Your headbutt misses something.
You punch something. Something hits you!
* * * LOW HITPOINT WARNING * * *
You hit something. You miss something. You headbutt something.
You closely miss something. Your headbutt misses something.
Something hits you!!
* * * LOW HITPOINT WARNING * * *
You barely miss something. You headbutt something! You slash something!
Something hits you!!
You die...

##########################
#__#..))..#.[#§§§.§§.§§§§+
'..'..#)..##'#§####§§§.§##
#__####...'..#§#@###§§§##
#### #####..+.#{#$###+# ##
# ##'####..$#y#.##$$$# +
#.....#°.$###.§###$# #
#.....'°.$$$##.#A#$#
##+### ###.°○#°....#
.###$# #.[).###
#☼○○###++## ##..$#
##'###.## #.°## +###
.....'[∩# #..#


There were no monsters in sight!

Vanquished Creatures
  A deep troll (D)
  A lindwurm (D)
  3 demonic crawlers (D)
  2 kobold demonologists (D)
  A slime creature (D)
  Sigmund (D)
  A yak (D)
  13 hogs (D)
  A naga (D)
  A floating eye (D)
  An ogre (D)
  A jelly (D)
  Ijyb (D)
28 creatures vanquished.

Vanquished Creatures (collateral kills)
  A gargoyle (D)
  A demonic crawler (D)
2 creatures vanquished.

Vanquished Creatures (others)
  2 ballistomycete spores (D)
2 creatures vanquished.

Grand Total: 32 creatures vanquished

Notes
Turn   | Place    | Note
-------+----------+-------------------------------------------
     0 | D        | Zeld the Minotaur Berserker began the quest for the Orb.
     0 | D        | Reached XP level 1. HP: 19/19 MP: 0/0
     2 | D        | Noticed Ijyb
     4 | D        | Killed Ijyb
     5 | D        | Reached skill level 5 in Fighting
     5 | D        | Reached skill level 5 in Axes
     5 | D        | Reached XP level 2. HP: 29/29 MP: 1/1
   146 | D        | Noticed an ogre
   149 | D        | Killed an ogre
   150 | D        | Reached skill level 5 in Armour
   150 | D        | Reached XP level 3. HP: 39/39 MP: 2/2
   150 | D        | Reached XP level 4. HP: 47/47 MP: 3/3
   321 | D        | Noticed Sigmund
   334 | D        | Killed Sigmund
   334 | D        | Reached ** piety under Trog
   335 | D        | Reached skill level 5 in Dodging
   335 | D        | Reached XP level 5. HP: 32/57 MP: 4/4
   335 | D        | Reached XP level 6. HP: 36/64 MP: 5/5
   466 | D        | Found a burning altar of Makhleb.
   466 | D        | Found a viscous altar of Jiyva.
   466 | D        | Found a shimmering altar of Xom.
   466 | D        | Found a corrupted altar of Lugonu.
   466 | D        | Noticed a slime creature
   475 | D        | Killed a slime creature
   476 | D        | Reached skill level 10 in Fighting
   476 | D        | Reached skill level 10 in Axes
   498 | D        | Found an ornate altar of the Wu Jian Council.
   498 | D        | Found a shimmering blue altar of Sif Muna.
   507 | D        | Found a radiant altar of Vehumet.
   564 | D        | Found Voacs's Weapon Emporium.
   564 | D        | Found an ancient bone altar of Kikubaaqudgha.
   564 | D        | Found a hazy altar of Hepliaklqana.
   564 | D        | Found a hide-covered altar of Uskayaw.
   564 | D        | Found a basalt altar of Yredelemnul.
   564 | D        | Found an opulent altar of Gozag.
   564 | D        | Found a snail-covered altar of Cheibriados.
   564 | D        | Found a sacrificial altar of Ru.
   564 | D        | Found a shadowy altar of Dithmenos.
   564 | D        | Noticed a yak
   567 | D        | Found a stormy altar of Qazlal.
   567 | D        | Found a blossoming altar of Fedhas.
   567 | D        | Found a bloodstained altar of Trog.
   567 | D        | Found an iron altar of Okawaru.
   567 | D        | Found a glowing golden altar of the Shining One.
   567 | D        | Found a glowing silver altar of Zin.
   567 | D        | Found a white marble altar of Elyvilon.
   571 | D        | Killed a yak
   572 | D        | Reached XP level 7. HP: 74/74 MP: 6/6
   573 | D        | Found a sparkling altar of Nemelex Xobeh.
   721 | D        | Noticed a kobold demonologist
   721 | D        | Noticed a kobold demonologist
   723 | D        | Paralysed by a floating eye for 3 turns
   726 | D        | Noticed a ynoxinul
   732 | D        | Killed a kobold demonologist
   732 | D        | Reached *** piety under Trog
   732 | D        | Killed a kobold demonologist
   733 | D        | Reached XP level 8. HP: 86/86 MP: 7/7
   885 | D        | Noticed Sonja
   888 | D        | Noticed Sonja
   888 | D        | Sonja changed into Sonja the naga
   892 | D        | Killed Sonja the naga
  1107 | D        | Noticed a deep troll
  1119 | D        | Killed a deep troll
  1119 | D        | Reached **** piety under Trog
  1120 | D        | Reached skill level 10 in Armour
  1144 | D        | Found Fotavunn's Armour Emporium.
  1239 | D        | Found Rijiol's Magic Scroll Boutique.
  1247 | D        | Bought a scroll of summoning for 114 gold pieces
  1247 | D        | Bought a scroll of fear for 42 gold pieces
  1247 | D        | Bought a scroll of silence for 90 gold pieces
  1276 | D        | Noticed a demonic crawler
  1276 | D        | Noticed a demonic crawler
  1276 | D        | Noticed a demonic crawler
  1276 | D        | Noticed a demonic crawler
  1281 | D        | Killed a demonic crawler
  1282 | D        | Reached XP level 9. HP: 96/96 MP: 8/8
  1285 | D        | Noticed a gargoyle
  1288 | D        | Killed a demonic crawler
  1289 | D        | Reached skill level 15 in Fighting
  1295 | D        | Killed a demonic crawler
  1296 | D        | Reached skill level 15 in Axes
  1296 | D        | Reached skill level 10 in Dodging
  1306 | D        | Killed a demonic crawler
  1308 | D        | Killed a gargoyle
  1685 | D        | Noticed a lindwurm
  1700 | D        | Killed a lindwurm
  1798 | D        | Reached XP level 10. HP: 91/108 MP: 9/9
  1802 | D        | Reached ***** piety under Trog
  2047 | D        | Reached ****** piety under Trog
  2251 | D        | Noticed a daeva
  2514 | D        | Bought a +3 ring mail of poison resistance for 276 gold
                  | pieces
  2587 | D        | Demolished by a lorocyproca

Illustrated notes

Levels and vault maps discovered:
D:        dungeon_sprint_1 [red_sonja_temple_1, red_sonja_temple_small_1]

Skill      XL: |  1  2  3  4  5  6  7  8  9 10 |
---------------+-------------------------------+-----
Fighting       | 5 7 9 11 13 14 16 17 | 17.4
Axes           | 5 7 9 11 13 14 16 17 | 17.3
Armour         | 3 5 6 8 9 10 11 12 | 12.4
Dodging        | 3 4 5 7 8 9 10 11 | 11.4

Action                   |  1- 3 |  4- 6 |  7- 9 | 10-12 || total
-------------------------+-------+-------+-------+-------++-------
Melee: Hand axe          |     3 |    24 |    65 |    56 ||   148
       Headbutt          |     1 |     2 |    16 |    14 ||    33
       Punch             |       |       |       |     4 ||     4
Invok: Berserk           |     2 |     3 |     5 |     2 ||    12
       Brothers in Arms  |       |       |     1 |       ||     1
Evoke: Wand              |       |       |     3 |       ||     3
  Use: Scroll            |       |       |     2 |       ||     2
Armor: Animal skin       |       |       |     2 |       ||     2
Dodge: Dodged            |     1 |     6 |    47 |    21 ||    75
